 Dungeon Crawl Stone Soup version 0.16.1-18-g436b03c (webtiles) character file.

1381 drasked the Cleaver (level 8, -6/72 HPs)
             Began as a Gargoyle Berserker on Apr 28, 2015.
             Was a High Priest of Trog.
             Mangled by a gnoll
             ... wielding a +0 halberd
              (11 damage)
             ... on level 6 of the Dungeon.
             The game lasted 00:05:00 (5171 turns).

drasked the Cleaver (Gargoyle Berserker)            Turns: 5171, Time: 00:05:00

Health: -6/72      AC: 17    Str: 28    XL:     8   Next: 67%
Magic:  8/8        EV:  7    Int:  8    God:    Trog [*****.]
Gold:   0          SH:  0    Dex: 11    Spells: 0 memorised, 7 levels left

rFire  . . .     SeeInvis .     d - +0 battleaxe
rCold  . . .     Clarity  .     f - +0 plate armour
rNeg   + . .     SustAb   .     (no shield)
rPois  ∞         Gourm    .     (no helmet)
rElec  +         Spirit   .     a - +0 cloak
rCorr  .         Warding  .     (no gloves)
rMut   .         Stasis   .     (no boots)
MR     .....                    (no amulet)
Stlth  ..........               (no ring)
                                (no ring)

@: berserking, very quick, not resistant to hostile enchantments, extremely
unstealthy
A: agile 1, negative energy resistance 1, electricity resistance, unbreathing,
petrification resistance, rot immunity, AC +5
a: Burn Spellbooks, Berserk, Trog's Hand, Brothers in Arms, Renounce Religion


You were on level 6 of the Dungeon.
You worshipped Trog.
Trog was extremely pleased with you.
You were not hungry.

You visited 1 branch of the dungeon, and saw 6 of its levels.


Innate Abilities, Weirdness & Mutations

You are resistant to torment.
You are immune to poison.
Your stone body is very resilient (AC +5).
You resist negative energy.
You are resistant to electric shocks.
You can survive without breathing.
You are immune to petrification.
You are immune to rotting.
You are agile. (Dex +2)


   Skills:
 - Level 4.6 Fighting
 + Level 9.3 Axes
 - Level 3.2 Armour
 - Level 1.5 Dodging


You had 7 spell levels left.
You didn't know any spells.

Inventory:

Hand weapons
 d - a +0 battleaxe (weapon)
Missiles
 h - 7 tomahawks (quivered)
Armour
 a - a +0 cloak (worn)
 f - a +0 plate armour (worn)
Jewellery
 c - an uncursed amulet of resist mutation {unknown}
 i - a +2 ring of strength {unknown}
Scrolls
 g - a scroll of identify
 n - 3 scrolls of remove curse
 r - a scroll of teleportation
Potions
 b - a potion of might
 j - a potion of haste
 k - 4 potions of curing
 l - a potion of cure mutation {unknown}
 p - a potion of resistance
 s - a potion of agility {unknown}
 t - a potion of restore abilities {unknown}
Comestibles
 e - 4 meat rations
 m - 2 bread rations

Dungeon Overview and Level Annotations

Branches:
Dungeon (6/15)             Temple (0/1) D:5

Altars:
Okawaru
Qazlal
Sif Muna


Message History

You closely miss the gnoll. x2
The gnoll sergeant hits you but does no damage.
The gnoll hits you but does no damage. x4
Your plate armour prevents you from hitting the gnoll sergeant.
The gnoll sergeant is almost dead.
You slice the gnoll!!
You feel the power of Trog in you as your rage grows.
You kill the gnoll!
Trog accepts your kill.
You hear a splash.
You slice the gnoll!!
You kill the gnoll!
Trog accepts your kill.
You hear a splash. x2
You slice the gnoll!!
You kill the gnoll!
Trog accepts your kill. The gnoll sergeant closely misses you.
The gnoll closely misses you.
The gnoll hits you from afar with a halberd!
You die...

. #. ##''## #. ##....## #. #
'....' #) # #....# #+##
#############''''####### ## #...
#.............ggg....... ....#ggg
#~~~~~~~~~~~~.g)g(~~~~~~~~~~~####
~~~~~~~~~~~~~gg.@)~~~~~~~~~~~~~~~
~~~~~~~~~~~~~.g)))~~~~~~~~~~~~~~~
...............(.)...............
######.########.##.############.#
#.# #....# #.#
####.###########.####### #.#
#.............#...##...## #.#
#.##.##.#.###........#).# #.#
#.##.##<#.#.........###.# #.#


You could see a gnoll sergeant and 7 gnolls.

Vanquished Creatures
  A sky beast (D:5)
  2 ogres (D:5)
  An orc warrior (D:6)
  Blork the orc (D:6)
  A giant frog (D:6)
  A giant frog zombie (D:6)
  A crimson imp (D:5)
  A hound (D:6)
  2 orc priests
  A giant frog skeleton (D:4)
  2 gnoll shamans (D:6)
  2 orc wizards
  4 worker ants
  Ijyb (D:3)
  A hound skeleton (D:5)
  6 adders
  30 gnolls
  2 giant mites
  A worm (D:3)
  2 adder zombies
  13 orcs
  10 bats
  2 giant cockroaches
  11 goblins
  10 hobgoblins
  18 jackals
  3 quokkas (D:2)
  A ball python (D:2)
  2 giant geckos
  2 giant newts
  A jackal skeleton (D:4)
  14 kobolds
  A quokka skeleton (D:5)
  12 rats
163 creatures vanquished.

Notes
Turn   | Place    | Note
--------------------------------------------------------------
     0 | D:1      | drasked, the Gargoyle Berserker, began the quest for the Orb.
     0 | D:1      | Reached XP level 1. HP: 14/14 MP: 1/1
     0 | D:1      | 0 ||| counter = 10
   114 | D:1      | Reached skill level 3 in Axes
   176 | D:1      | Reached XP level 2. HP: 16/19 MP: 2/2
   231 | D:1      | You fall through a shaft!
   232 | D:2      | 232 ||| Shafted from D:1 to D:2.
   239 | D:2      | 239 ||| INVOKING Berserk.
   406 | D:1      | 406 ||| Successfully unshafted to D:1.
   512 | D:1      | Acquired Trog's second power
   682 | D:1      | Reached XP level 3. HP: 20/23 MP: 3/3
   750 | D:1      | 750 ||| UPGRADING to plate armour.
   760 | D:1      | 760 ||| DROPPING +0 animal skin.
   761 | D:1      | 761 ||| READING scroll labeled SOUNESTROQU.
   762 | D:1      | 762 ||| READING scroll labeled KLEYBYV KLOUV.
   765 | D:1      | 765 ||| READING 2 scrolls labeled THYD IN PYSU.
   766 | D:1      | 766 ||| READING scroll of identify.
   766 | D:1      | 766 ||| IDENTIFYING agate ring
   767 | D:1      | 767 ||| DROPPING +2 ring of intelligence.
   804 | D:2      | 804 ||| STAIRDANCE
   901 | D:2      | 901 ||| EATING beef jerky.
   982 | D:2      | Reached skill level 4 in Axes
  1026 | D:2      | 1026 ||| INVOKING Berserk.
  1039 | D:2      | Reached XP level 4. HP: 28/28 MP: 4/4
  1115 | D:2      | 1115 ||| INVOKING Berserk.
  1213 | D:2      | Noticed an air elemental
  1238 | D:2      | Found a stormy altar of Qazlal.
  1351 | D:2      | Noticed a water elemental
  1355 | D:2      | Noticed an earth elemental
  1355 | D:2      | Noticed a fire elemental
  1645 | D:2      | 1645 ||| EATING 2 bread rations.
  1787 | D:2      | 1787 ||| UPGRADING to cloak.
  1792 | D:2      | 1792 ||| READING scroll labeled ONIELI KAIP.
  1793 | D:2      | 1793 ||| READING scroll labeled HENIOG IQ THEU.
  1794 | D:2      | 1794 ||| READING 3 scrolls of identify.
  1794 | D:2      | 1794 ||| IDENTIFYING blue potion
  1795 | D:2      | 1795 ||| READING 2 scrolls of identify.
  1795 | D:2      | 1795 ||| IDENTIFYING fuming golden potion
  1796 | D:2      | 1796 ||| DRINKING potion of beneficial mutation.
  1796 | D:2      | Gained mutation: You are agile. (Dex +2) [potion of beneficial mutation]
  1867 | D:3      | Reached skill level 5 in Axes
  1924 | D:3      | Reached XP level 5. HP: 32/32 MP: 5/5
  2015 | D:3      | Noticed Ijyb
  2035 | D:3      | Killed Ijyb
  2213 | D:3      | 2213 ||| READING scroll labeled KUASTR XYSTUZXA.
  2214 | D:3      | 2214 ||| READING scroll labeled UBIENA RYOKHLUO.
  2215 | D:3      | 2215 ||| READING scroll labeled XODETW SELIONN.
  2216 | D:3      | 2216 ||| DRINKING 2 viscous emerald potions.
  2217 | D:3      | 2217 ||| READING scroll of identify.
  2217 | D:3      | 2217 ||| IDENTIFYING scratched gilded ring
  2218 | D:3      | 2218 ||| DROPPING ring of flight.
  2243 | D:4      | 2243 ||| INVOKING Berserk.
  2475 | D:4      | Reached skill level 6 in Axes
  2475 | D:4      | Reached XP level 6. HP: 26/37 MP: 6/6
  2606 | D:4      | 2606 ||| EATING bread ration.
  3281 | D:4      | 3281 ||| READING scroll labeled FREULO SMEOXEA.
  3282 | D:4      | 3282 ||| READING 4 scrolls labeled GIREFU HIAPLO.
  3283 | D:4      | 3283 ||| READING 3 scrolls of identify.
  3283 | D:4      | 3283 ||| IDENTIFYING bubbling golden potion
  3284 | D:4      | 3284 ||| READING 2 scrolls of identify.
  3284 | D:4      | 3284 ||| IDENTIFYING bubbling puce potion
  3313 | D:5      | Entered Level 5 of the Dungeon
  3317 | D:5      | 3317 ||| STAIRDANCE
  3383 | D:5      | Got a wavering jade amulet
  3492 | D:5      | 3492 ||| INVOKING Berserk.
  3497 | D:5      | Reached XP level 7. HP: 42/42 MP: 7/7
  3506 | D:5      | Acquired Trog's third power
  3506 | D:5      | Reached skill level 3 in Armour
  3508 | D:5      | Reached skill level 7 in Axes
  3514 | D:5      | 3514 ||| READING scroll of teleportation.
  3888 | D:5      | Found a staircase to the Ecumenical Temple.
  4004 | D:5      | Found an iron altar of Okawaru.
  4009 | D:5      | 4009 ||| INVOKING Berserk.
  4048 | D:5      | 4048 ||| EATING beef jerky.
  4071 | D:5      | 4071 ||| UPGRADING to wavering jade amulet.
  4071 | D:5      | Identified the amulet of Pnunagyt {Inacc Str+7} (You found it on level 5 of the Dungeon)
  4072 | D:5      | 4072 ||| REMOVING amulet of Pnunagyt {Inacc Str+7}.
  4073 | D:5      | 4073 ||| DROPPING amulet of Pnunagyt {Inacc Str+7}.
  4074 | D:5      | 4074 ||| UPGRADING to diamond ring.
  4075 | D:5      | 4075 ||| REMOVING ring of stealth.
  4076 | D:5      | 4076 ||| DROPPING ring of stealth.
  4077 | D:5      | 4077 ||| DRINKING 3 coppery potions.
  4078 | D:5      | 4078 ||| READING 4 scrolls of identify.
  4078 | D:5      | 4078 ||| IDENTIFYING metallic yellow potion
  4079 | D:5      | 4079 ||| READING 3 scrolls of identify.
  4079 | D:5      | 4079 ||| IDENTIFYING white potion
  4080 | D:5      | 4080 ||| READING 2 scrolls of identify.
  4080 | D:5      | 4080 ||| IDENTIFYING green potion
  4135 | D:6      | Found a deep blue altar of Sif Muna.
  4273 | D:6      | 4273 ||| READING scroll of enchant weapon.
  4273 | D:6      | 4273 ||| ENCHANTING +1 hand axe.
  4297 | D:6      | Noticed Blork the orc
  4308 | D:6      | Killed Blork the orc
  4384 | D:6      | Reached skill level 8 in Axes
  4384 | D:6      | Reached XP level 8. HP: 48/48 MP: 8/8
  4560 | D:6      | 4560 ||| INVOKING Berserk.
  4578 | D:6      | 4578 ||| EATING 5 meat rations.
  4746 | D:6      | 4746 ||| UPGRADING to battleaxe.
  4747 | D:6      | 4747 ||| DROPPING +2 hand axe.
  5158 | D:6      | Received a gift from Trog
  5158 | D:6      | Reached skill level 9 in Axes
  5161 | D:6      | 5161 ||| INVOKING Berserk.
  5167 | D:6      | HP: 18/72 [gnoll sergeant/spear (4)]
  5169 | D:6      | HP: 4/72 [gnoll/halberd (5)]
  5171 | D:6      | Mangled by a gnoll

Vault maps used:
D:1:      roderic_chinese_lattice_arrival
D:2:      nicolae_qazlal_style_of_elements
D:3:      min_item_tele_traps, uniq_iyjb
D:4:      first_bread
D:5:      kennysheep_little_box, minmay_temple_entry_fiery
D:6:      lemuel_castle_with_subvaults, lemuel_crystal_altar, uniq_blork_the_orc

Action                   |  1- 3 |  4- 6 |  7- 9 || total
-------------------------+-------+-------+-------++-------
Melee: Hand axe          |    86 |   191 |   124 ||   401
       Battleaxe         |       |       |    38 ||    38
Throw: Tomahawk          |       |    50 |    34 ||    84
Invok: Berserk           |     2 |     3 |     3 ||     8
  Use: Scroll            |     4 |    12 |     5 ||    21
       Potion            |       |     2 |     1 ||     3
  Eat: Beef jerky        |     1 |       |     1 ||     2
       Chunk             |       |     3 |     3 ||     6
       Bread ration      |       |     2 |       ||     2
       Meat ration       |       |       |     1 ||     1
